[Event "*** SCC Grand Prix: Titled Tuesday Blitz"]
[Site "Chess.com"]
[Date "2020.08.11"]
[Round "9"]
[White "maximnovik"]
[Black "dosto07"]
[Result "1-0"]
[WhiteElo "2463"]
[BlackElo "2300"]
[TimeControl "180+1"]
[EndTime "11:45:38 PDT"]
[Termination "maximnovik won on time"]

1. d4 d5 2. c4 dxc4 3. e4 e5 4. Nf3 exd4 5. Bxc4 Nc6 6. O-O Be6 7. Bxe6 fxe6 8.
Qb3 Qd7 9. Qxb7 Rb8 10. Qa6 Nf6 11. Nbd2 Bd6 12. b3 O-O 13. Bb2 Ng4 14. h3 Nge5 15. Nxe5 Bxe5 16. Qa4 Rb4 17. Qa6 d3 18. Bxe5 Nxe5 19.
Rac1 c6 20. Qa5 Qd4 21. Qc5 Qxc5 22. Rxc5 Ng6 23. g3 Ne7 24. f4 Rb5 25. Rfc1 Rxc5 26. Rxc5 Rd8 27. Kf2 Kf7 28. Ke3 Ke8 29. Rc3 Rd7 30.
Rxd3 Kd8 31. Nc4 Rxd3+ 32. Kxd3 Kc7 33. Kd4 Ng6 34. b4 h5 35. h4 a6 36. Ne5 Nf8 37. Nd3 Kb6 38. a4 Nd7 39. Nc5 Nf6 40. Nxe6 g6 41. Nf8 a5 42. bxa5+ Kxa5 43. e5 Nd5 44. Kc5 Nb4 45. Nxg6 Kxa4 46. e6 Nd3+ 47. Kxc6 1-0

[Event "*** SCC Grand Prix: Titled Tuesday Blitz"]
[Site "Chess.com"]
[Date "2020.08.11"]
[Round "9"]
[White "GMJustin"]
[Black "szachuspl"]
[Result "0-1"]
[WhiteElo "2266"]
[BlackElo "2505"]
[TimeControl "180+1"]
[EndTime "11:45:38 PDT"]
[Termination "szachuspl won on time"]

1. e4 c5 2. Nf3 e6 3. d4 cxd4 4.
Nxd4 Nc6 5. Nc3 a6 6. Nxc6 bxc6 7.
Bd3 d5 8. O-O Nf6 9. Re1 Be7 10.
e5 Nd7 11. Qg4 Kf8 12. b3 h5 13. Qf4 g5 14. Qf3 c5 15. Bg6 Qe8 16. Bxh5 Bb7 17. h3 Rb8 18. Bg4 Kg7 19. Qg3 Qg8 20. f4 gxf4 21. Qxf4 Rh7 22. Bd2 Kh8 23. Rf1 Rf8 24.
Rae1 Qg6 25. Re2 Rg8 26. Bc1 Rgg7 27. Nd1 d4 28. Nf2 Bg5 29. Qxg5 Qxg5 30. Bxg5 Rxg5 31. Nd3 Bd5 32. Bf3 Bxf3 33. Rxf3 Rhg7 34. g4 Rh7 35.
Kg2 Kg8 36. Kg3 Kf8 37. h4 Rg8 38. g5 Ke7 39. Re4 Rgh8 40. Ref4 Ke8 41. Kg4 Rxh4+ 42. Kg3 Rh3+ 43. Kg2 R3h7 44. Rg3 Rg7 0-1

[Event "*** SCC Grand Prix: Titled Tuesday Blitz"]
[Site "Chess.com"]
[Date "2020.08.11"]
[Round "9"]
[White "gagtemp"]
[Black "Morshynska"]
[Result "0-1"]
[WhiteElo "1947"]
[BlackElo "2159"]
[TimeControl "180+1"]
[EndTime "11:45:39 PDT"]
[Termination "Morshynska won by resignation"]

1. e4 c5 2. Nf3 d6 3. d4 cxd4 4. Nxd4 Nf6 5. Nc3 a6 6. Be3 e5 7. Nb3 Be7 8. f3 Be6 9. Qd2 O-O 10. Be2 b5 11. Nd5 Bxd5 12. exd5 Nbd7 13. Na5 Re8 14. O-O Nb6 15. Nc6 Qc7 16. Bxb6 Qxb6+ 17. Kh1 Bf8 18. a4 Rac8 19. axb5 axb5 20. Na7 Rc5 21. Bxb5 Rxb5 22. Nxb5 Qxb5 23. b4 Rb8 24. Rfb1 h6 25.
h3 Qxd5 26. Qe2 Qd4 27. b5 Nh5 28. Qe1 d5 29. c3 Qf4 30. b6 Ng3+ 31. Kg1 Bc5+ 32.
Kh2 Ne4+ 33. Kh1 Nf2+ 34. Kg1 Nd3+ 35. Kf1 Nxe1 36. Rxe1 Rxb6 37. Ra8+ Kh7 38. Rd8 Rb2 0-1

[Event "*** SCC Grand Prix: Titled Tuesday Blitz"]
[Site "Chess.com"]
[Date "2020.08.11"]
[Round "9"]
[White "Fischerev7"]
[Black "Mbneu"]
[Result "1-0"]
[WhiteElo "2397"]
[BlackElo "2230"]
[TimeControl "180+1"]
[EndTime "11:45:40 PDT"]
[Termination "Fischerev7 won by resignation"]

1. e4 c5 2. Nf3 Nf6 3. Nc3 d5 4. exd5 Nxd5 5. d4 Nxc3 6. bxc3 g6 7. Bb5+ Bd7 8. Qe2 Bg7 9. O-O O-O 10. Rb1 b6 11.
Bd3 Bc6 12. dxc5 bxc5 13. Ne5 Qd5 14. Nxc6 Nxc6 15. Rb3 Rac8 16. Bc4 Qf5 17. Ra3 Rc7 18. Rd1 Ne5 19. Bd5 e6 20. Be4 Qf6 21. Be3 Rd8 22. Rxd8+ Qxd8 23. g3 Rd7 24. Bxc5 f5 25. Bd3 Nxd3 26.
Qxe6+ Kh8 27. cxd3 Rxd3 28. Rxa7 Rd1+ 29. Kg2 Bxc3 30.
Qf7 Qd5+ 31. Qxd5 Rxd5 32. Be3 Bd4 33. Bxd4+ Rxd4 34. a4 Rd2 35. Kf3 Ra2 36. a5 h6 37.
h4 Kg8 38. a6 Ra4 39. Ke3 Kh8 40. Kd3 f4 41. gxf4 Rxf4 42. Rb7 Rxh4 43. a7 Ra4 44. Rb8+ Kg7 45. a8=Q Rxa8 46. Rxa8 1-0

[Event "*** SCC Grand Prix: Titled Tuesday Blitz"]
[Site "Chess.com"]
[Date "2020.08.11"]
[Round "9"]
[White "Karina_Ivanova"]
[Black "Chernobay_Artem"]
[Result "0-1"]
[WhiteElo "2211"]
[BlackElo "2470"]
[TimeControl "180+1"]
[EndTime "11:45:40 PDT"]
[Termination "Chernobay_Artem won by resignation"]

1. d4 g6 2. Nf3 Bg7 3. g3 Nf6 4. Bg2 O-O 5. O-O d6 6. c4 c6 7.
Nc3 Bf5 8. b3 Ne4 9. Bb2 Nxc3 10. Bxc3 Be4 11. Qd2 d5 12. Rfd1 e6 13. Rac1 a5 14.
Bh3 h5 15. Ne1 g5 16. f3 Bg6 17. Bg2 Nd7 18. e4 g4 19. fxg4 dxe4 20. gxh5 Bxh5 21.
Bxe4 Bxd1 22. Rxd1 f5 23. Bg2 Nf6 24. Qe2 Qd7 25. Nf3 Ne4 26. Bb2 Rad8 27. g4 c5 28.
gxf5 exf5 29. d5 Bxb2 30. Qxb2 Qg7 31. Qxg7+ Kxg7 32. Ne5 Kf6 33. Nd3 b6 34. Re1 Rfe8 35. Nf4 Ng5 36. Rf1 Rh8 37. Re1 Rde8 38. Rd1 Rh4 39.
Rf1 Reh8 40. d6 Rd8 41. Rd1 Rxf4 0-1

[Event "*** SCC Grand Prix: Titled Tuesday Blitz"]
[Site "Chess.com"]
[Date "2020.08.11"]
[Round "9"]
[White "Ashedu66"]
[Black "GustavoJuarezF"]
[Result "0-1"]
[WhiteElo "2241"]
[BlackElo "2043"]
[TimeControl "180+1"]
[EndTime "11:45:40 PDT"]
[Termination "GustavoJuarezF won on time"]

1. d4 d5 2. c4 e6 3. Nc3 Nf6 4. Nf3 c6 5. e3 Bd6 6. Bd3 Nbd7 7. O-O dxc4 8. Bxc4 e5 9. Bb3 O-O 10. h3 exd4 11. exd4 Nb6 12. Re1 Bf5 13. Bg5 h6 14.
Bh4 g5 15. Nxg5 hxg5 16. Bxg5 Kg7 17. Qf3 Bg6 18. Re5 Nbd7 19. Rae1 Qb6 20. Be3 Qc7 21. Rg5 Rae8 22. Rc1 Bh2+ 23. Kh1 Rxe3 24. Qxe3 Bf4 25. Rxg6+ fxg6 26. Qe1 Bxc1 27. Qxc1 Re8 28. d5 Re5 29. g3 Qd6 30. Qg5 Rxg5 0-1

[Event "*** SCC Grand Prix: Titled Tuesday Blitz"]
[Site "Chess.com"]
[Date "2020.08.11"]
[Round "9"]
[White "ArjunErigaisi2003"]
[Black "kuban1991"]
[Result "1-0"]
[WhiteElo "3015"]
[BlackElo "2753"]
[TimeControl "180+1"]
[EndTime "11:45:41 PDT"]
[Termination "ArjunErigaisi2003 won by resignation"]

1. d4 g6 2. e4 Bg7 3. Nc3 c6 4. Be3 d5 5. e5 f6 6. Nf3 Bg4 7.
exf6 exf6 8. Bd3 Ne7 9. h3 Bf5 10. g4 Bxd3 11. Qxd3 Na6 12. h4 h5 13. gxh5 Rxh5 14. Ne2 Qd7 15. Nf4 Rf5 16. O-O-O O-O-O 17. Rdg1 Bh6 18. Rg4 Qd6 19. Qd2 Re8 20. Nxg6 Nxg6 21. Bxh6 Rxf3 22. Rxg6 Qe6 23. Be3 Qe4 24. Rgg1 f5 25.
Bg5 Rg8 26. h5 f4 27. h6 Nc7 28. Bf6 Rxg1+ 29. Rxg1 Rh3 30. Re1 Rh1 31. Kd1 Qf3+ 32. Qe2 Rxe1+ 33. Kxe1 Qh1+ 34. Kd2 Qxh6 35. Qg4+ Ne6 36.
Qxe6+ 1-0

[Event "*** SCC Grand Prix: Titled Tuesday Blitz"]
[Site "Chess.com"]
[Date "2020.08.11"]
[Round "9"]
[White "GoltsevDmitry2000"]
[Black "RobertoJBM"]
[Result "1-0"]
[WhiteElo "2642"]
[BlackElo "2705"]
[TimeControl "180+1"]
[EndTime "11:45:41 PDT"]
[Termination "GoltsevDmitry2000 won on time"]

1. e4 c6 2. Nf3 d5 3. Nc3 dxe4 4. Nxe4 Bg4 5. Be2 Nd7 6. O-O e6 7. d3 Ngf6 8. Bf4 Qb6 9. b3 c5 10. Nfd2 Bxe2 11. Qxe2 Nxe4 12. Qxe4 Nf6 13. Qf3 Be7 14. Nc4 Qa6 15. Bd6 Rd8 16. Bxe7 Kxe7 17. Rfe1 Rhe8 18. Re5 b6 19. Rg5 Kf8 20. Qg3 g6 21. Qe5 Ng8 22. Qh8 Rd5 23. Rxd5 exd5 24. Ne3 d4 25. Ng4 Qxa2 26.
Rf1 Ke7 27. h3 Qa5 28. Qxh7 Qd2 29. Ne5 Kd6 30. Nxf7+ Kc6 31. Qxg6+ Kd7 32. Qd6+ Kc8 33. Qc6+ 1-0

[Event "*** SCC Grand Prix: Titled Tuesday Blitz"]
[Site "Chess.com"]
[Date "2020.08.11"]
[Round "9"]
[White "Anna_ChessMate"]
[Black "MashaFromRussia"]
[Result "1-0"]
[WhiteElo "2594"]
[BlackElo "2406"]
[TimeControl "180+1"]
[EndTime "11:45:42 PDT"]
[Termination "Anna_ChessMate won by resignation"]

1. d4 Nf6 2. c4 g6 3. g3 Bg7 4. Bg2 O-O 5. Nc3 d6 6. Nf3 Nc6 7. O-O a6 8. Qd2 Rb8 9. a4 Bd7 10. e4 Nb4 11. b3 c5 12. Bb2 b5 13. dxc5 dxc5 14. e5 Ng4 15. Nd5 bxc4 16. bxc4 Be6 17.
h3 Nh6 18. Rad1 Nf5 19. g4 Nd4 20. Nxd4 cxd4 21. Nxb4 Qb6 22. Ba3 Bxc4 23. Rfe1 Bb3 24. Rb1 Bxa4 25. Rb2 Qa7 26. Nd5 e6 27. Bxf8 Bxf8 28.
Nf6+ Kg7 29. Rxb8 Qxb8 30. Qxd4 Qb5 31. Qf4 Bb4 32. Re4 a5 33. Nh5+ gxh5 34. gxh5 Qd3 35. Rd4 Qf5 36. Qg3+ Kh6 37. Rg4 Bd2 38. Rxa4 Qxh5 39.
Rh4 1-0

[Event "*** SCC Grand Prix: Titled Tuesday Blitz"]
[Site "Chess.com"]
[Date "2020.08.11"]
[Round "9"]
[White "poppy73"]
[Black "dpopadic"]
[Result "0-1"]
[WhiteElo "2245"]
[BlackElo "2418"]
[TimeControl "180+1"]
[EndTime "11:45:43 PDT"]
[Termination "dpopadic won on time"]

1. e4 c5 2. Nf3 Nc6 3. d4 cxd4 4. Nxd4 Nf6 5. Nc3 e5 6. Ndb5 d6 7. Bg5 a6 8. Na3 b5 9. Nd5 Be7 10. Nxe7 Nxe7 11. Bxf6 gxf6 12. c4 O-O 13. Bd3 b4 14. Nc2 a5 15. Ne3 Be6 16. Qf3 Ng6 17.
h4 Kh8 18. g3 Rg8 19. Rd1 Qe7 20.
Bf1 Rad8 21. Bh3 Nf8 22. Bf5 Nd7 23. Qh5 Rg7 24. Nd5 Bxd5 25. Rxd5 Nb6 26. b3 Nxd5 27.
exd5 a4 28. O-O axb3 29. axb3 Ra8 30. Qe2 Ra3 31. Rb1 Qa7 32. Qd2 Ra1 33. Kg2 Rxb1 34. Bxb1 Qa1 35. Bf5 Qc3 36. Qh6 e4 37. Bxe4 Qe5 38.
Bd3 f5 39. Qd2 f4 40. Kf1 fxg3 41. fxg3 Qxg3 42. Be4 Qxh4 0-1

[Event "*** SCC Grand Prix: Titled Tuesday Blitz"]
[Site "Chess.com"]
[Date "2020.08.11"]
[Round "9"]
[White "PSvidler"]
[Black "youngKID"]
[Result "1/2-1/2"]
[WhiteElo "2946"]
[BlackElo "2798"]
[TimeControl "180+1"]
[EndTime "11:45:44 PDT"]
[Termination "Game drawn by agreement"]

1. e4 e5 2. Nf3 Nc6 3. Bb5 a6 4. Ba4 Nf6 5. O-O d6 6. Bxc6+ bxc6 7. d4 exd4 8. Nxd4 c5 9. Nc6 Qd7 10. Na5 Qa4 11. Bd2 Be7 12. Re1 O-O 13. Nc3 Qe8 14. Bf4 Be6 15. e5 dxe5 16. Bxe5 Rd8 17. Qf3 Nd5 18.
Qg3 g6 19. Rad1 Nxc3 20. Qxc3 Rxd1 21. Rxd1 Qb5 22. b3 Qb4 23. Qxb4 cxb4 24. Nc6 Bc5 25.
Bxc7 Rc8 26. Rd8+ Rxd8 27. Bxd8 Bd5 28. Be7 Bxc6 29. Bxc5 Be4 30. Bxb4 Bxc2 31. Bc5 Bb1 32. a3 Bc2 33. b4 f5 34. f3 Kf7 35. Kf2 Ke6 36. Ke3 Kd5 37. Kf4 Ke6 38. Kg5 Kf7 39. h4 Bd3 40. Kh6 Kg8 41. g4 fxg4 42. fxg4 Be2 43.
Kg5 Kf7 44. Kf4 Ke6 45. a4 Bc4 46. a5 Be2 47. Kg5 Kf7 48. h5 gxh5 49. gxh5 Kg8 50. h6 Bb5 51. Kf6 Bc6 52. Ke5 Bb5 53. Kd6 Ba4 1/2-1/2

[Event "*** SCC Grand Prix: Titled Tuesday Blitz"]
[Site "Chess.com"]
[Date "2020.08.11"]
[Round "9"]
[White "Kislov_Oleg"]
[Black "Alberquintin"]
[Result "0-1"]
[WhiteElo "2383"]
[BlackElo "2533"]
[TimeControl "180+1"]
[EndTime "11:45:44 PDT"]
[Termination "Alberquintin won by resignation"]

1. e4 e5 2. Nf3 Nc6 3. d4 exd4 4. Nxd4 Bc5 5. Be3 Qf6 6. c3 Nge7 7. Bc4 O-O 8. O-O d6 9. Nxc6 Nxc6 10. Bxc5 dxc5 11.
f4 Be6 12. Qe2 Rad8 13. Bxe6 Qxe6 14. Nd2 Rfe8 15. Rae1 Qxa2 16. Nc4 Qb3 17. e5 b5 18. Ne3 b4 19. Qg4 Qe6 20. Nf5 Qg6 21. Qh3 Ne7 22.
Nh4 Qd3 23. Re3 Qd2 24. cxb4 Nd5 25. Rg3 Nxf4 26. Rxg7+ Kxg7 27. Qg4+ Ng6 28. Nf5+ Kh8 29. h4 Rg8 30. h5 Nxe5 31. Qe4 f6 32. Nh6 Qd4+ 33.
Qxd4 cxd4 34. Rxf6 Rgf8 35. Re6 Rde8 36. Re7 Rxe7 0-1

[Event "*** SCC Grand Prix: Titled Tuesday Blitz"]
[Site "Chess.com"]
[Date "2020.08.11"]
[Round "9"]
[White "Dvacetsekund"]
[Black "anskam"]
[Result "0-1"]
[WhiteElo "2130"]
[BlackElo "1568"]
[TimeControl "180+1"]
[EndTime "11:45:45 PDT"]
[Termination "anskam won on time"]

1. e4 e5 2. Nf3 Nc6 3. Bc4 Be7 4. d4 d6 5. d5 Nb8 6. Bd3 Nf6 7. c4 O-O 8. Nc3 Nbd7 9. O-O a6 10. Ne1 Nc5 11.
f3 Nxd3 12. Nxd3 c6 13. dxc6 bxc6 14. c5 Qc7 15. cxd6 Bxd6 16. Be3 Be6 17. Qc2 Qb7 18. Na4 Nd7 19. Rfc1 Rac8 20. Nac5 Nxc5 21. Bxc5 Bxc5+ 22. Nxc5 Rfe8 23. b3 Qb6 24. Kh1 Rcd8 25. Rd1 Rd4 26. Nxe6 Rxe6 27. Rac1 h6 28. h3 Red6 29. Rxd4 exd4 30.
Qd3 c5 31. Rc4 Qb5 32. a4 Qb6 33. e5 Rd5 34. f4 f6 35. exf6 Qxf6 36. Qe4 Qf5 37.
Qe8+ Kh7 38. Rc1 Qxf4 39. Re1 d3 0-1

[Event "*** SCC Grand Prix: Titled Tuesday Blitz"]
[Site "Chess.com"]
[Date "2020.08.11"]
[Round "9"]
[White "Na_binci"]
[Black "TimKett"]
[Result "1/2-1/2"]
[WhiteElo "2016"]
[BlackElo "2191"]
[TimeControl "180+1"]
[EndTime "11:45:46 PDT"]
[Termination "Game drawn by agreement"]

1. d4 d5 2. c4 e6 3. Nc3 c5 4.
cxd5 cxd4 5. Qa4+ Bd7 6. Qxd4 exd5 7. Qxd5 Nf6 8. Qxb7 Nc6 9. Qb3 Bc5 10. e3 O-O 11.
Nf3 Bf5 12. Be2 Rb8 13. Qc4 Nb4 14. O-O Rc8 15. Qf4 Bg6 16. Rd1 Qe7 17. Nh4 Rfd8 18.
Nxg6 hxg6 19. Bd2 Bd6 20. Qg5 Rc5 21. Qh4 Nc6 22. h3 g5 23. Qa4 Ne5 24. Ne4 Nxe4 25.
Qxe4 g6 26. Bb4 Rc6 27. Bxd6 Rcxd6 28. Rxd6 Rxd6 29. Rd1 f5 30. Qa8+ Kg7 31. Rxd6 Qxd6 32. Qb7+ Kf6 33. Qxa7 Qd2 34. Bf1 Qxb2 35. Qd4 Qxa2 36.
Qd6+ Qe6 37. Qxe6+ Kxe6 38. f4 gxf4 39. exf4 Nc6 40. g3 Kf6 41. Kf2 g5 42. fxg5+ Kxg5 43. Bg2 Ne5 44. Bd5 f4 45. g4 Nxg4+ 46. hxg4 Kxg4 47. Bf3+ Kg5 1/2-1/2

[Event "*** SCC Grand Prix: Titled Tuesday Blitz"]
[Site "Chess.com"]
[Date "2020.08.11"]
[Round "9"]
[White "larisakalinina"]
[Black "zmarian"]
[Result "0-1"]
[WhiteElo "1972"]
[BlackElo "2194"]
[TimeControl "180+1"]
[EndTime "11:45:46 PDT"]
[Termination "zmarian won on time"]

1. e4 g6 2. d4 Bg7 3. Nc3 c5 4. Nf3 cxd4 5. Nxd4 Nc6 6. Nxc6 bxc6 7. Bd3 d6 8. O-O Nf6 9. Bg5 Qa5 10. Qd2 Qc7 11.
Bh6 O-O 12. Rae1 Rd8 13. Bxg7 Kxg7 14. e5 dxe5 15. Qg5 Ng4 16. h3 f6 17. Qh4 Nh6 18. Qc4 Nf7 19. Be4 Bb7 20. Qc5 Ng5 21. Bd3 Qd6 22.
Qe3 Ne6 23. Bc4 Nd4 24. Ne4 Qb4 25. c3 Qxc4 26. Nd2 Qxa2 27. cxd4 Rxd4 28. Nb3 Rd5 29.
Ra1 Qxb2 30. Rfb1 Qc2 31. Rc1 Qf5 32. Na5 Qc8 33. Nxb7 Qxb7 34. Rab1 Rb5 35. Ra1 a5 36. Qc3 Ra6 37. f4 exf4 38. Qd2 g5 0-1

[Event "*** SCC Grand Prix: Titled Tuesday Blitz"]
[Site "Chess.com"]
[Date "2020.08.11"]
[Round "9"]
[White "belisarius64"]
[Black "Rodalquilar"]
[Result "0-1"]
[WhiteElo "2704"]
[BlackElo "2635"]
[TimeControl "180+1"]
[EndTime "11:45:47 PDT"]
[Termination "Rodalquilar won on time"]

1. e4 d5 2. exd5 Qxd5 3. Nc3 Qa5 4. d4 Nf6 5. Nf3 Bf5 6. Bc4 e6 7. O-O Bb4 8. Bd2 Nc6 9. a3 Bxc3 10. Bxc3 Qb6 11. Ne5 Nxe5 12. dxe5 Rd8 13. Qf3 Ne4 14. Rad1 O-O 15. h3 Qc5 16. Rxd8 Rxd8 17. Bd3 Nxc3 18.
Bxf5 exf5 19. bxc3 Qxa3 20. Qxf5 Qxc3 21. h4 Qc6 22. h5 Qe6 23. Qg5 Re8 24. Rd1 h6 25. Qe3 Qxe5 26. Qxa7 Qxh5 27. Rb1 Qd5 28. g3 Qc6 29.
Qa2 Re2 30. Rd1 Qxc2 31. Qa8+ Kh7 32. Rd8 Rxf2 33. Qxb7 Re2 0-1

[Event "*** SCC Grand Prix: Titled Tuesday Blitz"]
[Site "Chess.com"]
[Date "2020.08.11"]
[Round "9"]
[White "Casablanca"]
[Black "emperor87"]
[Result "0-1"]
[WhiteElo "2459"]
[BlackElo "2626"]
[TimeControl "180+1"]
[EndTime "11:45:47 PDT"]
[Termination "emperor87 won on time"]

1. d4 d5 2. c4 Nc6 3. Nc3 dxc4 4. d5 Ne5 5. Bf4 Ng6 6. Bg3 e6 7. e4 exd5 8. Nxd5 Bd6 9. Bxc4 N8e7 10. Nf3 Bxg3 11. hxg3 c6 12. Nc3 Qxd1+ 13. Rxd1 h6 14. Kd2 Be6 15. Bxe6 fxe6 16. Kc2 Rd8 17. Rxd8+ Kxd8 18.
Nd4 Nf8 19. f4 Rg8 20. g4 Nc8 21. f5 exf5 22. gxf5 Nd7 23. Rd1 Ke7 24. Nf3 Nd6 25.
g4 Nf7 26. Rg1 g6 27. Nh4 Nde5 28. fxg6 Nxg6 29. Nf5+ Ke6 30. Rh1 Nge5 31. Ne2 Nxg4 32. Ned4+ Ke5 33. Re1 Ng5 34. Kd3 Nf2+ 35. Kc4 Nfxe4 36.
Nxh6 Rf8 37. Ng4+ Kd6 38. Ne3 Kc7 39. Ndf5 Rd8 40. Rc1 b5+ 41. Kb3 Kb6 42. Kc2 c5 43.
Kb1 c4 44. Ng4 Nf3 45. Nge3 Rd2 46. Ng3 Nxg3 47. Rxc4 Rd3 48. Nd5+ Rxd5 49. Rc3 Rf5 0-1

[Event "*** SCC Grand Prix: Titled Tuesday Blitz"]
[Site "Chess.com"]
[Date "2020.08.11"]
[Round "9"]
[White "Artyom_ChessMate"]
[Black "1f3_2g41-0"]
[Result "1-0"]
[WhiteElo "2564"]
[BlackElo "2435"]
[TimeControl "180+1"]
[EndTime "11:45:47 PDT"]
[Termination "Artyom_ChessMate won by checkmate"]

1. e4 c5 2. Nc3 Nc6 3. Bb5 a6 4.
Bxc6 dxc6 5. f4 g6 6. d3 Bg7 7.
Nf3 e6 8. O-O Ne7 9. Qe1 O-O 10.
Qh4 b5 11. Ng5 h6 12. Nf3 f5 13. Be3 c4 14. Bc5 Re8 15. dxc4 b4 16. Na4 fxe4 17. Ne5 Bxe5 18. fxe5 Nf5 19. Qxe4 Bb7 20. Rad1 Qg5 21. Rd7 Bc8 22. Rc7 Qd8 23. Qxc6 Rb8 24. Nb6 Nd4 25. Qd6 Qxd6 26. exd6 Rd8 27. Bxd4 Rxd6 28. Bc5 Rd8 29. Rff7 Bd7 30. Rcxd7 Rxd7 31. Nxd7 Rc8 32.
Rf8+ Rxf8 33. Nxf8 Kf7 34. Bxb4 e5 35. Nd7 Ke6 36.
Nxe5 Kxe5 37. Kf2 Kd4 38. b3 a5 39. Bxa5 Kc5 40. Bd2 g5 41. a4 Kd4 42. a5 Ke5 43. a6 Kd6 44. a7 Kc6 45. a8=Q+ Kd6 46.
Qa6+ Kd7 47. Qxh6 Ke7 48. Ke3 g4 49. Ke4 g3 50. Kf5 Kf7 51. Qh7+ Kf8 52. Kf6 gxh2 53.
Qf7# 1-0

[Event "*** SCC Grand Prix: Titled Tuesday Blitz"]
[Site "Chess.com"]
[Date "2020.08.11"]
[Round "9"]
[White "frederiksvane"]
[Black "Gerodot71"]
[Result "1-0"]
[WhiteElo "2574"]
[BlackElo "2401"]
[TimeControl "180+1"]
[EndTime "11:45:47 PDT"]
[Termination "frederiksvane won by resignation"]

1. e4 e5 2. Nf3 Nc6 3. Bb5 a6 4. Ba4 Nf6 5. O-O Be7 6. d3 b5 7.
Bb3 O-O 8. Nc3 d6 9. a3 Nb8 10. Ne2 Be6 11. Bxe6 fxe6 12. Ng3 Qe8 13. c3 Nbd7 14.
Be3 Ng4 15. Bd2 Nc5 16. h3 Nf6 17. Be3 Na4 18. Qc2 Nh5 19. b3 Nb6 20. Nxh5 Qxh5 21.
Qe2 Nd7 22. Nd4 Qf7 23. Nc6 Bf6 24. a4 Nb8 25. axb5 Nxc6 26. bxc6 Qe8 27. Qg4 Kh8 28. Rfc1 d5 29. Bc5 Rf7 30. c4 Qxc6 31. Ra5 h6 32. cxd5 exd5 33. Be3 Qb7 34. Rxd5 Qxb3 35. Qe6 Re7 36.
Rd8+ Rxd8 37. Qxb3 Red7 38. Qa4 Rxd3 39. Qxa6 Rd1+ 40. Rxd1 Rxd1+ 41. Kh2 Rd8 42. Qb7 c5 43. Bxc5 Re8 44. Be3 Kg8 45. Qc6 Re7 46. Bxh6 Kf7 47.
Be3 Re6 48. Qd5 Ke7 49. Bc5+ Kf7 50. Qd7+ Be7 51. Bxe7 Rxe7 52. Qf5+ Kg8 53. Kg3 g6 54. Qxg6+ Rg7 55. Qxg7+ Kxg7 56. f4 Kg6 57. f5+ Kg5 58. h4+ Kh5 59. Kh3 Kh6 60. g4 Kg7 61. g5 Kf7 62. Kg4 Kg7 63. h5 Kh7 64. h6 1-0

[Event "*** SCC Grand Prix: Titled Tuesday Blitz"]
[Site "Chess.com"]
[Date "2020.08.11"]
[Round "9"]
[White "Margarita2907"]
[Black "LaPorfia"]
[Result "0-1"]
[WhiteElo "2096"]
[BlackElo "2251"]
[TimeControl "180+1"]
[EndTime "11:45:47 PDT"]
[Termination "LaPorfia won by resignation"]

1. e4 d5 2. exd5 Nf6 3. Nf3 Bg4 4. Be2 Qxd5 5. d4 Nc6 6. Nc3 Qh5 7. O-O O-O-O 8. Be3 e5 9. h3 exd4 10. Nxd4 Bxe2 11.
Ncxe2 Nxd4 12. Nxd4 Qe5 13. c3 Bd6 14. Nf3 Qh5 15. Qa4 a6 16. b4 Rhe8 17. Qb3 Nd5 18. Bg5 f6 19. Bd2 Bf4 20. Bxf4 Nxf4 21. Nh2 Qg6 22. g3 Nxh3+ 23. Kg2 Nf4+ 24. Kh1 Nd3 25. b5 Qe4+ 26. f3 Qe6 27. bxa6 Qxa6 28. Rab1 Qc6 29. a4 Nc5 30. Qb4 b6 31. a5 Nd3 32.
Qb3 Qd5 33. Qc2 b5 34. Qa2 Qxa2 0-1

[Event "*** SCC Grand Prix: Titled Tuesday Blitz"]
[Site "Chess.com"]
[Date "2020.08.11"]
[Round "9"]
[White "Oglob71"]
[Black "Sanyura"]
[Result "0-1"]
[WhiteElo "2569"]
[BlackElo "2427"]
[TimeControl "180+1"]
[EndTime "11:45:49 PDT"]
[Termination "Sanyura won by resignation"]

1. d4 Nf6 2. Nf3 g6 3. c4 Bg7 4.
Nc3 O-O 5. Bg5 d6 6. e3 a6 7. h3 c6 8. Qc2 b5 9. a3 Nbd7 10.
Rd1 Bb7 11. c5 a5 12. b4 axb4 13. axb4 Ra3 14. Bd3 Qa8 15. O-O h6 16. Bh4 dxc5 17. bxc5 Qa5 18. Ne4 Nxe4 19. Bxe4 Nf6 20. Ne5 Ra2 21.
Qb1 g5 22. Bg3 Rc8 23. Bf3 Qa4 24. Rc1 e6 25. Bd1 Qa3 26. Qb3 Qxb3 27. Bxb3 Ra3 28. Rb1 Ne4 29. Bh2 Nd2 30. Bc2 Nxf1 31. Kxf1 Rca8 32. Be4 Ra1 33. Rxa1 Rxa1+ 34. Ke2 Bxe5 35. Bxe5 b4 36. Kd2 Ra2+ 37. Kc1 Rxf2 38. Bf3 b3 39. Bg3 Rc2+ 40. Kb1 Rc3 41. e4 Rd3 42. Be5 Rd2 43. Kc1 b2+ 44. Kxd2 b1=Q 45. Ke3 Qe1+ 46. Kd3 Ba6+ 47. Kc2 Qf2+ 48. Kc3 Qe3+ 49. Kb4 Qd2+ 50.
Kb3 Bd3 51. d5 Qc2+ 52. Kb4 Qc4+ 53. Ka3 Qxc5+ 54. Kb3 cxd5 55. exd5 Bc4+ 56. Kb2 Bxd5 57. Bc3 Bxf3 58. gxf3 Qf2+ 0-1

[Event "*** SCC Grand Prix: Titled Tuesday Blitz"]
[Site "Chess.com"]
[Date "2020.08.11"]
[Round "9"]
[White "vova-79"]
[Black "blitzking1729"]
[Result "0-1"]
[WhiteElo "2466"]
[BlackElo "2616"]
[TimeControl "180+1"]
[EndTime "11:45:50 PDT"]
[Termination "blitzking1729 won by resignation"]

1. d4 d6 2. c4 e5 3. Nc3 exd4 4. Qxd4 Nc6 5. Qd2 Nf6 6. e4 Be6 7. Bd3 Ne5 8. b3 c6 9. Nge2 d5 10. cxd5 cxd5 11. Bb5+ Bd7 12. Bxd7+ Qxd7 13. exd5 Bb4 14. O-O O-O 15. Bb2 Rfe8 16. Qd4 Bd6 17. Ng3 Rad8 18.
Rad1 h5 19. Nce4 Nxe4 20. Nxe4 Qg4 21. f3 Nxf3+ 22. Rxf3 Rxe4 23. Qd3 Rde8 24. h3 Qg6 25. Qc3 Be5 26. Qc2 Bxb2 27. Qxb2 Re2 28. Rf2 Rxb2 29. Rxb2 h4 30. d6 Qg3 31. d7 Re1+ 32. Rxe1 Qxe1+ 33. Kh2 Qe5+ 34. Kg1 Qd4+ 35. Kh1 Qd1+ 36. Kh2 Qxd7 0-1

[Event "*** SCC Grand Prix: Titled Tuesday Blitz"]
[Site "Chess.com"]
[Date "2020.08.11"]
[Round "9"]
[White "Quiet_Desperation"]
[Black "laboratorio25"]
[Result "1/2-1/2"]
[WhiteElo "2285"]
[BlackElo "2426"]
[TimeControl "180+1"]
[EndTime "11:45:50 PDT"]
[Termination "Game drawn by agreement"]

1. Nf3 d5 2. d4 Nf6 3. c4 dxc4 4. a4 Nc6 5. e3 Na5 6. Nbd2 Be6 7. Ne5 c5 8. Ndxc4 Nxc4 9. Bxc4 Bxc4 10. Nxc4 Qd5 11. Qb3 Qxg2 12. Rf1 Qd5 13. dxc5 e6 14. Qb5+ Nd7 15.
Bd2 Bxc5 16. O-O-O a6 17. Qb3 Rc8 18. e4 Qxe4 19.
Bc3 Qxc4 20. Qxc4 Be3+ 21. fxe3 Rxc4 22. Kb1 f6 23. Rd6 Ke7 24. Rfd1 Nb8 25. Rb6 Rc7 26. Bb4+ Kf7 27. Rdd6 Rhc8 28. Rxe6 Nc6 29. Rd6 Nxb4 30. Rxb4 Ke7 31. Rdb6 Rb8 32. Rxa6 bxa6 33. Rxb8 Ke6 34.
Rb6+ Kd5 35. Rxa6 Re7 36. Rb6 Rxe3 37. a5 Re7 38. b4 f5 39. a6 Ra7 40. b5 f4 41. Rb7 Ra8 42. Rxg7 Kc5 43. Rf7 Kxb5 44. Rxf4 Rxa6 45. Rh4 h6 46. Kb2 Kc5 1/2-1/2

[Event "*** SCC Grand Prix: Titled Tuesday Blitz"]
[Site "Chess.com"]
[Date "2020.08.11"]
[Round "9"]
[White "Blagorod"]
[Black "alfiefischer77"]
[Result "0-1"]
[WhiteElo "2117"]
[BlackElo "2275"]
[TimeControl "180+1"]
[EndTime "11:45:51 PDT"]
[Termination "alfiefischer77 won by resignation"]

1. e4 c5 2. Nc3 e6 3. g3 d5 4. d3 Nf6 5. Bg2 Nc6 6. f4 Be7 7. e5 Nd7 8. Nf3 O-O 9. O-O Rb8 10. g4 b5 11. Ne2 Bb7 12. Qe1 Nb4 13. Qd2 d4 14. c3 dxc3 15. bxc3 Nd5 16. d4 c4 17. f5 b4 18. cxb4 Bxb4 19. Qd1 c3 20.
Ng5 Qb6 21. Kh1 Ba6 22. Qe1 h6 23. Qh4 Bxe2 24. Nxe6 fxe6 25. Bxh6 gxh6 26. Qxh6 exf5 27. Bxd5+ Rf7 28. Bxf7+ Kxf7 29. Rxf5+ Ke8 30. Qh8+ Nf8 31. Qh5+ Kd8 32. Qg5+ Be7 33. Qg7 Qxd4 34. Rxf8+ Bxf8 35. Qxf8+ Kc7 36. Qe7+ Kc6 37. Qe6+ Kc7 38. Qe7+ Qd7 39. Qf6 Qc6+ 40. Qxc6+ Kxc6 41. Kg1 c2 0-1